 Dungeon Crawl Stone Soup version 0.23.2 (webtiles) character file.

Game seed: 7144219906080361501

35 cklessthan3 the Shield-Bearer (level 3, 0/36 HPs)
             Began as a Troll Fighter on Apr 12, 2019.
             Was an Initiate of Makhleb.
             Slain by a kobold
             ... wielding a +0 dagger
              (2 damage)
             ... on level 3 of the Dungeon.
             The game lasted 00:03:45 (1482 turns).

cklessthan3 the Shield-Bearer (Troll Fighter)       Turns: 1482, Time: 00:03:46

Health: 0/36       AC:  6    Str: 25    XL:     3   Next: 16%
Magic:  2/2        EV:  8    Int:  4    God:    Makhleb [......]
Gold:   111        SH:  9    Dex:  9    Spells: 2/2 levels left

rFire    . . .     SeeInvis .   a - +0 flail
rCold    . . .     Gourm    +   c - +0 shield
rNeg     . . .     Faith    .   b - +0 robe
rPois    .         Spirit   .   (helmet restricted)
rElec    .         Reflect  .   (no cloak)
rCorr    .         Harm     .   (gloves unavailable)
MR       .....                  (boots unavailable)
Stlth    +.........             (no amulet)
HPRegen  0.52/turn              (no ring)
MPRegen  0.08/turn              (no ring)

@: no status effects
A: large, unfitting armour, claws 3, fast metabolism 3, gourmand, regeneration
1, shaggy fur 1, tough skin 3
a: Renounce Religion


You were on level 3 of the Dungeon.
You worshipped Makhleb.
Makhleb was noncommittal.
You were not hungry.

You visited 1 branch of the dungeon, and saw 3 of its levels.

You collected 111 gold pieces.

Inventory:

Hand Weapons
 a - a +0 flail (weapon)
Armour
 b - a +0 robe (worn)
 c - a +0 shield (worn)
Scrolls
 e - 4 scrolls of remove curse {unknown}
 i - a scroll of teleportation {unknown}
 j - a scroll of random uselessness {unknown}
 k - 3 scrolls of identify {unknown}
 l - 2 scrolls of enchant weapon {unknown}
 n - 2 scrolls of blinking {unknown}
 q - a scroll of amnesia {unknown}
Potions
 d - a potion of might
 g - 2 potions of flight {unknown}
 h - a potion of curing {unknown}
 m - a potion of haste {unknown}
 o - a potion of agility {unknown}
 p - a potion of degeneration {unknown}
Comestibles
 f - 3 rations


   Skills:
 + Level 2.8 Fighting
 + Level 2.3 Maces & Flails
 - Level 2.4 Dodging
 + Level 2.8 Shields


You had 2 spell levels left.
You didn't know any spells.
Your spell library contained the following spells:

 Spells                   Type           Power        Failure   Level  Hunger
 Corona                   Hex            #......      91%         1    ##.....
 Ensorcelled Hibernation  Hex/Ice        #.....       97%         2    ###....
 Confuse                  Hex            #.......     99%         3    ####...
 Dazzling Spray           Conj/Hex       #.....       99%         3    ####...
 Tukima's Dance           Hex            #.......     99%         3    ####...


Dungeon Overview and Level Annotations

Branches:
Dungeon (3/15)

Altars:
Makhleb

Annotations:
D:3 Grinder


Innate Abilities, Weirdness & Mutations

You are too large for most types of armour.
You have claws for hands.
Your metabolism is lightning-fast.
You like to eat raw meat.
Your natural rate of healing is unusually fast.
You are covered in fur. (AC +1)
You have extremely tough skin. (AC +3)


Message History

Number of times to repeat, then command key: You must enter the number of times for the command to repeat.
You barely miss Grinder.
Grinder is heavily wounded.
The bat hits you but does no damage. You block the kobold's attack.
You block Grinder's attack. The kobold hits you with a +0 club.
* * * LOW HITPOINT WARNING * * *
You block the kobold's attack. Grinder hits you but does no damage.
The kobold barely misses you.
You sock Grinder!
Grinder is almost dead.
The bat hits you but does no damage. You block the kobold's attack.
Grinder gestures at you. Pain shoots through your body!
* * * LOW HITPOINT WARNING * * *
You block the kobold's attack.
You closely miss Grinder.
Grinder is almost dead.
You block the bat's attack. The kobold hits you with a +0 dagger.
You die...

#.. #......... ##.....
........... .....
#..........##...>
..........(.#...
#...............
#g.............###
#KK.......##.....#
#@5............#..
#######..b...........###
....................†...
#######...######....###.
......#.########........
........###.........####
............####....#
......####### ######
######


You could see Grinder, a hobgoblin, a bat and 2 kobolds.

Vanquished Creatures
  A worm (D:2)
  A dart slug (D:2)
  A leopard gecko (D:2)
  4 bats
  A giant cockroach (D:1)
  4 hobgoblins
  2 frilled lizards (D:1)
  4 goblins
  6 kobolds
  3 rats
27 creatures vanquished.

Notes
Turn   | Place    | Note
-------+----------+-------------------------------------------
     0 | D:1      | cklessthan3 the Troll Fighter began the quest for the Orb.
     0 | D:1      | Reached XP level 1. HP: 22/22 MP: 0/0
   589 | D:1      | Reached XP level 2. HP: 28/29 MP: 1/1
   828 | D:2      | Found a faded altar of an unknown god.
   930 | D:2      | Found a burning altar of Makhleb.
   939 | D:2      | Became a worshipper of Makhleb the Destroyer
  1012 | D:2      | Reached XP level 3. HP: 33/36 MP: 2/2
  1469 | D:3      | Noticed Grinder
  1481 | D:3      | HP: 1/36 [Grinder/nerve-wracking pain (4)]
  1482 | D:3      | Slain by a kobold

Skill      XL: |  1 |
---------------+----+-----
Maces & Flails | 2 |  2.3
Fighting       | |  2.8
Dodging        | |  2.4
Shields        | |  2.8

Action                   || total
-------------------------++-------
Melee: Flail             ||    98
  Eat: Chunk             ||    10
       Ration            ||     1
Armor: Robe              ||    36
Dodge: Dodged            ||    30
Block: Shield            ||    62
